 Dungeon Crawl Stone Soup version 0.25-a0-558-g78a2afb0af (webtiles) character file.

Game seed: 17595149012774672249, levelgen mode: deterministic

954 Flugslaktarn the Chopper (level 7, -3/63 HPs)
             Began as a Minotaur Fighter on Feb 24, 2020.
             Slain by a killer bee (8 damage)
             ... on level 5 of the Dungeon.
             The game lasted 00:01:14 (3300 turns).

Flugslaktarn the Chopper (Minotaur Fighter)         Turns: 3300, Time: 00:01:15

Health: -3/63      AC:  7    Str: 23    XL:     7   Next: 90%
Magic:  6/6        EV:  8    Int:  5    God:
Gold:   114        SH: 10    Dex:  9    Spells: 6/6 levels left

rFire    . . .     SeeInvis .   a - +0 war axe
rCold    . . .     Gourm    .   c - +0 kite shield
rNeg     . . .     Faith    .   b - +0 scale mail
rPois    .         Spirit   .   (helmet restricted)
rElec    .         Reflect  .   (no cloak)
rCorr    .         Harm     .   (no gloves)
MR       .....                  (no boots)
Stlth    ..........             (no amulet)
HPRegen  0.20/turn              (no ring)
MPRegen  0.10/turn              (no ring)

@: lethally poisoned (-3 -> -9)
A: retaliatory headbutt, horns 2, talons 1, sense surroundings 1
a: no special abilities


You were on level 5 of the Dungeon.
You were hungry.

You visited 1 branch of the dungeon, and saw 5 of its levels.

You collected 114 gold pieces.

Inventory:

Hand Weapons
 a - a +0 war axe (weapon)
Armour
 b - a +0 scale mail (worn)
 c - a +0 kite shield (worn)
Scrolls
 f - 2 scrolls of amnesia {unknown}
 g - 2 scrolls of identify {unknown}
 m - a scroll of enchant armour {unknown}
Potions
 d - a potion of might
 i - a potion of ambrosia {unknown}
 j - a potion of cancellation {unknown}
 k - a potion of flight {unknown}
 n - a potion of haste {unknown}
Comestibles
 e - 4 rations


   Skills:
 + Level 6.0 Fighting
 * Level 7.3 Axes
 + Level 6.0 Armour
 + Level 6.0 Shields


You had 6 spell levels left.
You didn't know any spells.
Your spell library was empty.

Dungeon Overview and Level Annotations

Branches:
Dungeon (5/15)
 Temple: D:4-7

Altars:
Ru

Shops:
D:5 %


Innate Abilities, Weirdness & Mutations

You reflexively headbutt those who attack you in melee.
You have a pair of horns on your head.
You have sharp toenails.
You passively map a small area around you.


Message History

You headbutt the killer bee!
You kill the killer bee!
The killer bee stings you!
* * * LOW HITPOINT WARNING * * *
You are more poisoned.
The killer bee poisons you!
Sorry, you're not good enough to have a special ability.
You miss the killer bee.
The killer bee is almost dead.
You feel sick. You block the killer bee's attack.
The killer bee closely misses you.
It was a potion of mutation.
You feel extremely strange.
Your toenails lengthen and sharpen.
Your connection to magic feels subdued.
Your magic regains its normal vibrancy.
You feel a strange attunement to the structure of the dungeons.
* * * LOW HITPOINT WARNING * * *
You feel sick. The killer bee stings you.
* * * LOW HITPOINT WARNING * * *
The killer bee stings you!
You die...

, * * ..# ,
..# , *
#.###### * * ,
, * #......# ,
, # #.†....# *
, .8.**
#5.....+ , ,
....# #†.(...#
* ,
......#y####.#
,#..@y.# ***
###.#.# , * *
, *#.#.# * * ,
,, *#.#.# * ,
#.#.###### ,
#.#......# **
, ,,
#.######.# , ,
, #........#
#.#####..#


You could see 2 killer bees and a crimson imp.

Vanquished Creatures
  An ice beast (D:5)
  3 ogres
  2 scorpions
  4 killer bees (D:5)
  A howler monkey (D:4)
  2 orc priests (D:4)
  A bullfrog skeleton (D:4)
  An orc wizard (D:4)
  An iguana (D:4)
  3 worker ants (D:4)
  A worker ant zombie (D:5)
  3 adders
  A worm (D:4)
  2 dart slugs
  2 leopard geckos
  6 orcs
  A bat zombie (D:1)
  A giant cockroach (D:2)
  4 goblins
  3 hobgoblins
  2 jackals (D:4)
  2 ball pythons
  A bat (D:3)
  A frilled lizard (D:4)
  A kobold (D:3)
  A leopard gecko zombie (D:1)
  3 rats (D:2)
54 creatures vanquished.

Notes
Turn   | Place    | Note
-------+----------+-------------------------------------------
     0 | D:1      | Flugslaktarn the Minotaur Fighter began the quest for the
                  | Orb.
     0 | D:1      | Reached XP level 1. HP: 19/19 MP: 0/0
   243 | D:2      | Reached skill level 3 in Axes
   243 | D:2      | Reached XP level 2. HP: 27/27 MP: 1/1
   512 | D:3      | Noticed a scorpion
   517 | D:3      | Killed a scorpion
   517 | D:3      | Reached XP level 3. HP: 24/33 MP: 2/2
   517 | D:3      | Reached XP level 4. HP: 29/40 MP: 3/3
   837 | D:4      | Reached skill level 4 in Axes
   962 | D:5      | Entered Level 5 of the Dungeon
  1067 | D:4      | Reached XP level 5. HP: 47/47 MP: 4/4
  1123 | D:4      | Noticed an ogre
  1128 | D:4      | Killed an ogre
  1177 | D:4      | Reached skill level 5 in Axes
  1339 | D:4      | Reached XP level 6. HP: 46/55 MP: 5/5
  1616 | D:4      | Reached skill level 5 in Fighting
  1616 | D:4      | Reached skill level 5 in Armour
  1616 | D:4      | Reached skill level 5 in Shields
  2099 | D:4      | Found a sacrificial altar of Ru.
  2234 | D:4      | Reached skill level 6 in Axes
  2242 | D:4      | Reached XP level 7. HP: 33/61 MP: 6/6
  3015 | D:5      | Found Mockeyzapn's Food Boutique.
  3292 | D:5      | Reached skill level 7 in Axes
  3300 | D:5      | Gained mutation: You have sharp toenails. [potion of
                  | mutation]
  3300 | D:5      | Gained mutation: Your spells are a little easier to cast,
                  | but a little less powerful. [potion of mutation]
  3300 | D:5      | Lost mutation: Your spells are a little easier to cast, but
                  | a little less powerful. [potion of mutation]
  3300 | D:5      | Gained mutation: You passively map a small area around you.
                  | [potion of mutation]
  3300 | D:5      | Slain by a killer bee

Levels and vault maps discovered:
D:1:      saegor_arrival_fortress, layout_basic, kennysheep_pointless_box
D:2:      layout_loops_ring, lemuel_coloured_pillars_altar,
          nicolae_overflow_hidden_temple, nicolae_tso_swordbearing_angel,
          hangedman_decor_push
D:3:      layout_basic
D:4:      layout_loops_corners, first_ration, nicolae_ru_the_path_less_chosen
D:5:      layout_basic, serial_shops, nicolae_shop_stone, dk_noncrumbling_3

Skill      XL: |  1  2  3  4  5  6  7 |
---------------+----------------------+-----
Axes           | 3 4 5 6 7 |  7.3
Fighting       | 4 5 6 |  6.0
Armour         | 4 5 6 |  6.0
Shields        | 4 5 6 |  6.0

Action                   |  1- 3 |  4- 6 |  7- 9 || total
-------------------------+-------+-------+-------++-------
Melee: War axe           |    50 |    82 |    38 ||   170
       Headbutt          |     7 |    14 |     6 ||    27
  Use: Potion            |       |       |     1 ||     1
  Eat: Chunk             |       |     4 |     3 ||     7
Armor: Scale mail        |    24 |    26 |    19 ||    69
Dodge: Dodged            |    16 |    20 |    29 ||    65
Block: Kite shield       |    26 |    43 |    30 ||    99

Table legend:
 A = Non-vault XP
 B = Vault XP
 C = Vault XP percentage of total XP
 D = Non-vault monster count
 E = Vault monster count
 F = Vault count percentage of total count
                 A         B        C        D         E       F
            +---------+---------+-------+---------+---------+-------
      Total |    1360 |       3 |   0.2 |      52 |       2 |   3.7
            +---------+---------+-------+---------+---------+-------
        D:1 |       2 |       3 |  60.0 |       1 |       2 |  66.7
        D:2 |      31 |       0 |   0.0 |      11 |       0 |   0.0
        D:3 |      83 |       0 |   0.0 |       6 |       0 |   0.0
        D:4 |     652 |       0 |   0.0 |      25 |       0 |   0.0
        D:5 |     592 |       0 |   0.0 |       9 |       0 |   0.0
            +---------+---------+-------+---------+---------+-------
